 Dungeon Sprint DCSS version 0.31-a0-460-g9e667d4245 (webtiles) character file.

Game seed: 14889636980067712286

4128 rocky1 the Martial Artist (level 10, 0/63 HPs)
             Began as an Octopode Shapeshifter on Aug 5, 2023.
             Was the Champion of Cheibriados.
             Slain by a four-headed hydra (14 damage)
             ... in the Dungeon (Sprint IX: "|||||||||||||||||||||||||||||").
             The game lasted 00:02:13 (1955 turns).

rocky1 the Martial Artist (Octopode Shapeshifter)   Turns: 1955, Time: 00:02:14

Health: 0/63       AC:  1    Str: 29    XL:     10   Next: 27%
Magic:  17/17      EV: 23    Int: 28    God:    Cheibriados [******]
Gold:   0          SH:  0    Dex: 33    Spells: 9/9 levels left

rFire   . .          .
                       - Unarmed
rCold   . . .        (no shield)
rNeg    . . .        (helmet currently unavailable)
rPois   .            (no amulet)
rElec   .            k - +2 ring of evasion
rCorr   .            l - +3 ring of dexterity
SInv    .            (no ring)
Will    .....        (no ring)
Stlth   ++++++       (no ring)
HPRegen 0.30/turn    (no ring)
MPRegen 0.15/turn    (no ring)
                     (no ring)

%: no teleportation
@: beast-form, invisible, very slow
A: beast (slay +7), almost no armour, amphibious, 8 rings, camouflage 1,
gelatinous body 1, (nimble swimmer 1), tentacles
a: Begin Untransformation, Renounce Religion, Bend Time, Temporal Distortion,
Slouch, Step From Time


You were in the Dungeon.
You worshipped Cheibriados.
Cheibriados was exalted by your worship.
You were a hulking beast.
You visited 1 branch

Inventory:

Jewellery
 k - a +2 ring of evasion (left tentacle)
 l - a +3 ring of dexterity (right tentacle)
Talismans
 b - a beast talisman (active)
Scrolls
 h - 3 scrolls of blinking
 i - 2 scrolls of amnesia
 n - 3 scrolls of identify
 o - a scroll of silence
 p - a scroll of fog
 q - 2 scrolls of enchant armour
Potions
 c - 5 potions of curing
 d - 5 potions of heal wounds
 e - 2 potions of haste
 f - 4 potions of magic
 g - a potion of berserk rage
 j - a potion of resistance
 m - a potion of might


   Skills:
 + Level 3.9 Fighting
 + Level 6.9 Dodging
 + Level 8.8 Stealth
 + Level 13.9 Unarmed Combat
 * Level 10.6 Invocations
 + Level 5.6 Evocations
 + Level 11.2 Shapeshifting


You had 9 spell levels left.
You didn't know any spells.
Your spell library was empty.

Dungeon Overview and Level Annotations

Branches:
Dungeon (1/1)

Altars:
Cheibriados
Dithmenos
Elyvilon
Fedhas
Gozag
Hepliaklqana
Kikubaaqudgha
Makhleb
Nemelex Xobeh
Okawaru
Qazlal
Ru
Sif Muna
Trog
Uskayaw
Vehumet
Wu Jian
Xom
Yredelemnul
Zin
The Shining One
Jiyva
Lugonu


Innate Abilities, Weirdness & Mutations

You are a hulking beast.
Your limbs bulge with bestial killing power. (Slay +7)
You cannot wear most types of armour.
You are amphibious.
You can wear up to eight rings at the same time.
Your skin changes colour to match your surroundings (Stealth+).
Your rubbery body absorbs attacks. (AC +1, EV +1)
((You are camouflaged when in or above water. (Stealth+)))
You have tentacles for arms and can constrict up to eight enemies at once.


Message History

The cane toad is lightly wounded.
The cane toad barely misses you.
You tentacle-slap the cane toad. You grab the cane toad.
You squeeze the cane toad!
The cane toad is heavily wounded.
You constrict the cane toad. The cane toad stings you!!
You bludgeon the cane toad!
The cane toad is almost dead.
You constrict the cane toad. The cane toad completely misses you.
You bludgeon the cane toad!
You kill the cane toad!
Cheibriados thoroughly appreciates the change of pace.
Things that are here:
a yak corpse; a komodo dragon corpse; a yak corpse You start resting.
HP restored.
You start waiting.
Done waiting.
You start waiting.
Done waiting.
You open the door.
A polar bear, a skyshark, a four-headed hydra and 3 cane toads come into view.
The four-headed hydra roars!
The cane toad gives a loud, deep croak!
The polar bear growls angrily.
The cane toad croaks.
You hear an angry hiss.
You hear a croak.
A water moccasin comes into view.
The four-headed hydra bites you. The four-headed hydra bites you!
The four-headed hydra completely misses you. x2
The four-headed hydra barely misses you.
The four-headed hydra bites you! x3
* * * LOW HITPOINT WARNING * * *
There is an open door, spattered with blood here.
You feel much better. The four-headed hydra bites you!
* * * LOW HITPOINT WARNING * * *
The four-headed hydra completely misses you.
The four-headed hydra bites you but does no damage.
The four-headed hydra misses you.
You fade into invisibility!
The four-headed hydra bites you!
You die...

▓.▓_▓
▓F▓.▓_▓
▓S▓.▓_▓
▓h▓.▓_▓
▓l▓.▓_▓
▓F▓.▓_▓
▓F▓.▓_▓
▓D▓.▓_▓
▓h▓.▓_▓
▓.▓.▓_▓
▓.▓.▓_▓
▓.▓.▓_▓
▓.▓.▓_▓
▓.▓.▓_▓
▓.▓.▓_▓
▓÷▓.▓_▓
▓.▓.▓_▓


You could see a skyshark (unable to see you), a four-headed hydra (unable to see
you), a polar bear (unable to see you), 3 cane toads and a water moccasin
(wandering, unable to see you).

Vanquished Creatures
  A tengu warrior (D)
  A manticore (D)
  3 cane toads (D)
  An unseen horror (D)
  2 komodo dragons (D)
  An efreet (D)
  2 yaks (D)
  A wraith (D)
  2 vampire mosquitoes (D)
  2 water moccasins (D)
  An orc warrior (D)
  A centaur (D)
  A kobold brigand (D)
  A gnoll sergeant (D)
  A scorpion (D)
  A gnoll bouda (D)
  2 iguanas (D)
  An ufetubus (D)
  An orc (D)
  2 endoplasms (D)
  A giant cockroach (D)
  A goblin (D)
  A rat (D)
31 creatures vanquished.

Notes
Turn   | Place    | Note
-------+----------+-------------------------------------------
     0 | D        | rocky1 the Octopode Shapeshifter began the quest for the
                  | Orb.
     0 | D        | Reached XP level 1. HP: 13/13 MP: 1/1
   243 | D        | Noticed a scorpion
   243 | D        | Noticed an iguana
   243 | D        | Noticed an iguana
   249 | D        | Reached skill level 4 in Unarmed Combat
   249 | D        | Reached XP level 2. HP: 18/18 MP: 2/2
   256 | D        | Reached skill level 1 in Stealth
   256 | D        | Reached skill level 5 in Unarmed Combat
   256 | D        | Reached XP level 3. HP: 20/23 MP: 3/3
   260 | D        | Reached skill level 5 in Shapeshifting
   260 | D        | Reached XP level 4. HP: 18/28 MP: 4/4
   261 | D        | Killed a scorpion
   262 | D        | Reached skill level 6 in Unarmed Combat
   262 | D        | Reached XP level 5. HP: 21/33 MP: 5/5
   736 | D        | Found a snail-covered altar of Cheibriados.
   736 | D        | Found a shadowy altar of Dithmenos.
   736 | D        | Found a white marble altar of Elyvilon.
   736 | D        | Found a blossoming altar of Fedhas.
   736 | D        | Found an opulent altar of Gozag.
   737 | D        | Found a hazy altar of Hepliaklqana.
   738 | D        | Found a viscous altar of Jiyva.
   739 | D        | Found an ancient bone altar of Kikubaaqudgha.
   740 | D        | Found a corrupted altar of Lugonu.
   742 | D        | Became a worshipper of Cheibriados the Contemplative
   744 | D        | Found a burning altar of Makhleb.
   745 | D        | Found a sparkling altar of Nemelex Xobeh.
   746 | D        | Found an iron altar of Okawaru.
   747 | D        | Found a stormy altar of Qazlal.
   748 | D        | Found a sacrificial altar of Ru.
   749 | D        | Found a shimmering blue altar of Sif Muna.
   750 | D        | Found a bloodstained altar of Trog.
   751 | D        | Found a hide-covered altar of Uskayaw.
   752 | D        | Found a radiant altar of Vehumet.
   753 | D        | Found an ornate altar of the Wu Jian Council.
   754 | D        | Found a shimmering altar of Xom.
   755 | D        | Found a basalt altar of Yredelemnul.
   756 | D        | Found a glowing silver altar of Zin.
   757 | D        | Found a glowing golden altar of the Shining One.
   783 | D        | Noticed a kobold brigand
   783 | D        | Noticed a centaur
   783 | D        | Noticed a wraith
   783 | D        | Noticed an orc warrior
   787 | D        | Killed a wraith
   787 | D        | Reached * piety under Cheibriados
   788 | D        | Reached skill level 8 in Unarmed Combat
   788 | D        | Reached skill level 1 in Evocations
   788 | D        | Reached XP level 6. HP: 36/39 MP: 5/8
   788 | D        | Reached ** piety under Cheibriados
   789 | D        | Reached skill level 9 in Unarmed Combat
   789 | D        | Killed an orc warrior
   790 | D        | Reached skill level 5 in Invocations
   790 | D        | Reached XP level 7. HP: 42/45 MP: 5/10
   794 | D        | Reached skill level 5 in Stealth
  1029 | D        | Noticed a tengu warrior
  1029 | D        | Noticed a vampire mosquito
  1029 | D        | Noticed a manticore
  1029 | D        | Noticed an efreet
  1029 | D        | Noticed a vampire mosquito
  1033 | D        | Killed a vampire mosquito
  1033 | D        | Reached *** piety under Cheibriados
  1034 | D        | Reached skill level 10 in Unarmed Combat
  1034 | D        | Killed a vampire mosquito
  1034 | D        | Killed an efreet
  1034 | D        | Reached **** piety under Cheibriados
  1035 | D        | Reached skill level 5 in Dodging
  1035 | D        | Reached XP level 8. HP: 20/51 MP: 11/13
  1035 | D        | Killed a manticore
  1035 | D        | Killed an unseen horror
  1035 | D        | Reached ***** piety under Cheibriados
  1036 | D        | Reached skill level 11 in Unarmed Combat
  1036 | D        | Reached skill level 10 in Shapeshifting
  1036 | D        | Reached XP level 9. HP: 22/56 MP: 11/15
  1040 | D        | Killed a tengu warrior
  1041 | D        | Reached skill level 12 in Unarmed Combat
  1619 | D        | Noticed a komodo dragon
  1619 | D        | Noticed a cane toad
  1620 | D        | Noticed a komodo dragon
  1622 | D        | Killed a cane toad
  1626 | D        | Noticed a cane toad
  1627 | D        | Noticed a cane toad
  1629 | D        | Reached skill level 5 in Evocations
  1631 | D        | Reached skill level 13 in Unarmed Combat
  1635 | D        | Killed a komodo dragon
  1635 | D        | Reached ****** piety under Cheibriados
  1639 | D        | Reached skill level 10 in Invocations
  1639 | D        | Reached XP level 10. HP: 49/63 MP: 17/17
  1646 | D        | Killed a cane toad
  1650 | D        | Killed a cane toad
  1952 | D        | Noticed a cane toad
  1952 | D        | Noticed a skyshark
  1952 | D        | Noticed a cane toad
  1952 | D        | Noticed a four-headed hydra
  1952 | D        | Noticed a cane toad
  1955 | D        | Slain by a four-headed hydra

Illustrated notes

Levels and vault maps discovered:
D:        linesprint [early_d, line_temple, items_1, d_10, items_2, lair_1,
          lair_end, items_3, orc_1, orc_end, items_4, d_15, swamp_1, shoals_1,
          snake_1, spider_1, d_20, vaults_1, items_5, swamp_end, shoals_end,
          snake_end, spider_end, vaults_end, d_27, items_6, zot_1, zot_end,
          crypt_end, forest_end, elf_end, slime_end, tomb_end, abyss_end,
          pan_hell_end]

Skill      XL: |  1  2  3  4  5  6  7  8  9 |
---------------+----------------------------+-----
Unarmed Combat | 4 5 6 8 9 10 11 13 | 13.9
Stealth        | 1 2 3 4 5 6 8 |  8.8
Shapeshifting  | 4 5 6 7 8 9 10 11 | 11.2
Dodging        | 3 4 5 6 |  6.9
Invocations    | 3 5 7 8 10 | 10.6
Evocations     | 1 2 3 4 5 |  5.6
Fighting       | 2 3 |  3.9

Action                     |  1- 3 |  4- 6 |  7- 9 | 10-12 || total
---------------------------+-------+-------+-------+-------++-------
  Melee: Unarmed           |    22 |     6 |    21 |    12 ||    61
         Tentacles         |     1 |     1 |     5 |     2 ||     9
         Constrict         |     1 |       |     4 |     2 ||     7
         Punch             |       |       |     1 |     2 ||     3
  Evoke: Wand              |       |     4 |     6 |       ||    10
    Use: Potion            |     1 |       |     1 |     2 ||     4
   Stab: Sleeping          |     2 |       |     2 |       ||     4
 Armour: Skin              |     9 |     4 |       |     1 ||    14
  Dodge: Dodged            |     1 |     2 |    15 |    12 ||    30

Table legend: (Time is in decaauts)
 A = Elapsed time spent in this place.
 B = Non-inter-level travel time spent in this place.
 C = Inter-level travel time spent in this place.
 D = Time resting spent in this place.
 E = Time spent auto-exploring this place.
 F = Levels seen in this place.
 G = Mean time per level.
                   A        B        C        D        E       F      G
               +--------+--------+--------+--------+--------+-----+--------+
         Total |   2059 |   2059 |      0 |   1671 |      0 |   1 | 2059.0 |
       Dungeon |   2059 |   2059 |      0 |   1671 |      0 |   1 | 2059.0 |
               +--------+--------+--------+--------+--------+-----+--------+

Top non-repeatable levels by time:
       D: 2059 daAuts
